[Event "2nd Bassano Easter 2022"]
[Site "Bassano del Grappa"]
[Date "2022.04.15"]
[Round "1.1"]
[White "Sreyas Payyappat"]
[Black "Bernadskiy, Vitaliy"]
[Result "0-1"]
[ECO "B15"]
[WhiteElo "2184"]
[BlackElo "2601"]
[Annotator "TA"]
[PlyCount "116"]
[EventDate "2022.04.14"]
[EventType "swiss"]
[EventCountry "ITA"]
[SourceTitle "playchess.com"]
[Source "ChessBase"]
[SourceQuality "1"]
[TimeControl "30/3600+30:1800+30"]

1. e4 c6 2. d4 d5 3. Nc3 dxe4 4. Nxe4 Nf6 5. Nxf6+ exf6 6. Bc4 Bd6 7. Qe2+ Qe7 8. Qxe7+ Kxe7 9. Ne2 Bf5 10. c3 {[%emt 0:02:43] B15: Caro-Kann: 3 Nc3: 3...g6 and 3...dxe4 4 Nxe4 Nf6 5 Nxf6+ exf6.} Nd7 11. Bf4 Bxf4 12. Nxf4 {[%emt 0:00:08] White is slightly better.} g5 13. Bd3 Bg6 14. Nxg6+ hxg6 15. O-O f5 {[%emt 0:05:06] [#]} 16. f4 $146 ({Predecessor:} 16. Rfe1+ Kf6 17. h3 Rae8 {½-½ (17) Sanduleac,V (2425)-Macovei,A (2457) Kishinev 2020}) 16... gxf4 17. Rxf4 Nb6 18. Re1+ Kf6 19. g4 Rh4 20. g5+ Kxg5 21. Rxh4 Kxh4 $15 {[%emt 0:00:04][%mdl 4096] Endgame KRB-KRN} 22. Re7 Rb8 23. Rxf7 Na4 24. Rh7+ Kg4 25. Be2+ (25. Rg7 $15) 25... Kf4 $17 26. Rh3 Nxb2 27. Rg3 (27. c4 $17) 27... g5 $1 $19 28. Kf2 {[%emt 0:05:27] [#]} g4 {[%emt 0:01:01] Prevents Rf3+.} 29. h3 $2 (29. c4 {was the only chance.}) 29... Rh8 30. hxg4 (30. c4 $142 gxh3 31. Rf3+ Ke4 32. Rb3 Nxc4 33. Bxc4) 30... Rh2+ 31. Rg2 Rxg2+ 32. Kxg2 fxg4 {[%emt 0:00:05] KB-KN} 33. c4 Na4 {[%emt 0:00:31] aiming for ...Nc3.} 34. d5 cxd5 35. cxd5 Ke5 {[%emt 0:00:08] White must now prevent ...b6.} 36. Bxg4 {[%emt 0:00:32] [#]} Nc3 $1 37. a3 Nxd5 38. Kf2 Kd4 39. Ke2 Nc3+ $2 (39... Ne3 {mates} 40. Bf3 b6 41. Kd2 Nc4+ 42. Kc2 Nxa3+ 43. Kb3 Nb1 44. Be2 Kc5 45. Bd3 Nd2+ 46. Kc2 Nc4 47. Bh7 a5 48. Bg6 b5 49. Bf7 a4 50. Be8 Nb6 51. Bh5 b4 52. Kb1 b3 53. Bd1 Kb4 54. Kb2 a3+ 55. Kc1 b2+ 56. Kc2 Nd5 57. Bh5 Nc3 58. Kd3 b1=Q+ 59. Ke3 Qe4+ 60. Kf2 Qf4+ 61. Kg1 Ne4 62. Bf3 Qxf3 63. Kh2 Qg3+ 64. Kh1 Nf2#) 40. Ke1 $2 {[%emt 0:01:27][%mdl 8192] White does not recover from this.} (40. Kd2 $17) 40... Nb1 {[%emt 0:00:29] Black mates.} 41. a4 a5 42. Kd1 Nc3+ 43. Kc2 Nxa4 44. Bd7 Nb6 45. Bb5 Kc5 46. Be2 Nc4 47. Kc3 b5 48. Bd3 b4+ 49. Kb3 a4+ 50. Kc2 Kd4 51. Bg6 b3+ 52. Kb1 Kc3 53. Ka1 a3 54. Bf7 Ne3 55. Bg6 Nc2+ 56. Bxc2 bxc2 57. Ka2 c1=R 58. Kxa3 Ra1# {[%emt 0:06:00] Weighted Error Value: White=0.68/Black=0.20 (precise)} 0-1

[Event "2nd Bassano Easter 2022"]
[Site "Bassano del Grappa"]
[Date "2022.04.15"]
[Round "1.2"]
[White "Basso, Pier Luigi"]
[Black "Perossa, Nicolas"]
[Result "1-0"]
[ECO "E84"]
[WhiteElo "2600"]
[BlackElo "2139"]
[Annotator "TA"]
[PlyCount "61"]
[EventDate "2022.04.14"]
[EventType "swiss"]
[EventCountry "ITA"]
[SourceTitle "playchess.com"]
[Source "ChessBase"]
[SourceQuality "1"]
[TimeControl "30/3600+30:1800+30"]

1. d4 Nf6 2. c4 g6 3. Nc3 Bg7 4. e4 d6 5. f3 O-O 6. Nge2 Nc6 7. Be3 a6 8. Qd2 Rb8 9. Rc1 Bd7 10. Nd1 {[%emt 0:00:06] E84: King's Indian: Sämisch Panno: 7 Nge2 a6 8 Qd2 Rb8.} b5 11. c5 dxc5 ({Black should play} 11... Ne8 $14) 12. Rxc5 $16 {[%emt 0:01:10] White is better.} Ne8 {[%emt 0:00:36] [#]} 13. h4 $146 (13. e5 $142) ({Predecessor:} 13. e5 Qc8 14. Nf4 e6 15. h4 f6 16. exf6 Bxf6 17. h5 g5 18. Ne2 h6 19. Qc2 {1-0 (40) Lorparizangeneh,S (2190)-Asgari,M (2300) Zahedan 2012}) 13... Nd6 14. b3 {[%emt 0:00:59] Against Nc4} e5 15. d5 Ne7 16. h5 {[%emt 0:01:15] Strongly threatening Bh6.} f5 17. hxg6 fxe4 (17... Nxg6 $5 18. Bg5 Bf6 19. Bxf6 Rxf6 $14) 18. Bh6 $36 {[%emt 0:00:00][%mdl 2048] Threatens to win with Bxg7. White is pushing.} hxg6 19. Bxg7 Kxg7 20. Qh6+ (20. Qb2 $5 exf3 21. Qxe5+ Rf6 22. gxf3 $16) 20... Kf7 21. Qh7+ (21. f4 $11 exf4 22. Qxf4+ Ke8 23. Qe5) 21... Kf6 $2 (21... Ke8 $17 {keeps the pressure on.}) 22. Qh4+ {[%emt 0:02:30][%mdl 1024] White has strong compensation.} g5 $2 {[%emt 0:05:33] Black cannot hold the game after this.} (22... Kf7 $14) 23. Qh6+ $18 Ng6 {[%emt 0:00:12] [#]} (23... Kf7 {was worth a try.}) 24. Ng3 $1 {[%emt 0:00:00] Dancing on a razor blade.} (24. Rh5 $2 Nf7 25. Qh7 Rh8 26. Qxh8+ Ngxh8 $19) 24... Be8 25. Nh5+ ({Weaker is} 25. Nxe4+ Nxe4 26. fxe4 Rh8 27. Qxh8+ Nxh8 28. Rxh8 Kg7 $17) (25. fxe4 $6 Rh8 26. Nh5+ Ke7 27. Qxg5+ (27. Qg7+ Bf7 $16) 27... Kf8 $18) 25... Ke7 26. Qxg5+ (26. Qg7+ Bf7 27. g3 Rg8 28. Qf6+ Kf8 $16) 26... Kf7 27. Qh6 Rg8 $2 {[%emt 0:00:17] [#]} (27... Ke7 28. Ne3 (28. Qg7+ Bf7 $16) 28... Rh8 29. Qg7+ Bf7 30. fxe4 Qf8) 28. Rxc7+ $1 Bd7 {[%emt 0:00:39] [#]} (28... Qxc7 29. Qh7+) 29. Rxd7+ $1 Qxd7 30. Qh7+ Ke8 31. Nf6+ {[%emt 0:32:00][%mdl 64] Deflection, Double Attack.  Weighted Error Value: White=0.19 (very precise) /Black=0.61} 1-0

[Event "2nd Bassano Easter 2022"]
[Site "Bassano del Grappa"]
[Date "2022.04.15"]
[Round "1.3"]
[White "Colonetti, Fabio"]
[Black "Postny, Evgeny"]
[Result "0-1"]
[ECO "E40"]
[WhiteElo "2144"]
[BlackElo "2567"]
[Annotator "TA"]
[PlyCount "62"]
[EventDate "2022.04.14"]
[EventType "swiss"]
[EventCountry "ITA"]
[SourceTitle "playchess.com"]
[Source "ChessBase"]
[SourceQuality "1"]
[TimeControl "30/3600+30:1800+30"]

1. d4 Nf6 2. c4 e6 3. Nc3 Bb4 4. e3 d5 5. Bd3 e5 6. dxe5 {[%emt 0:09:55] E40: Nimzo-Indian: Rubinstein (4 e3): Unusual Black 4th moves.} dxc4 7. Qa4+ (7. Bxc4 $11 Qxd1+ 8. Kxd1 Bxc3 9. bxc3) 7... Nc6 $15 8. Bxc4 {[%emt 0:09:09] Black is slightly better.} Nd5 $5 {[%emt 0:17:42][%mdl 4] A promising side line.} (8... Ne4 $1 $15 9. a3 Bxc3+ 10. bxc3 Nc5) 9. Bxd5 Bxc3+ {[%emt 0:02:28][%mdl 64] Remove Defender} ({But not} 9... Qxd5 10. Qxb4 $1 Nxb4 11. Nxd5 Nxd5 12. Bd2 $14) 10. bxc3 Qxd5 11. Nf3 {[%emt 0:04:08] [#]} Be6 $146 ({Predecessor:} 11... O-O 12. O-O Nxe5 13. Nxe5 Qxe5 14. Rb1 b6 15. Qd4 Qe6 16. c4 c5 17. Qc3 Qg6 {0-1 (33) Pecurica,M (2331)-Tomic,A (2327) Podgorica 2021}) 12. O-O $1 Qc4 $36 {[%emt 0:01:26][%mdl 2048] Black has the initiative.} 13. Qxc4 (13. Qa3 {with more complications.} b6 14. Nd2 Qb5 15. Nf3) 13... Bxc4 14. Re1 O-O-O 15. Nd4 Nxe5 16. Ba3 (16. e4 $15) 16... b6 17. e4 c5 18. Nf5 g6 19. Ne3 g5 20. Nxc4 Nxc4 21. Bc1 g4 22. Bf4 Rhe8 23. e5 Rd3 24. Rac1 b5 25. Kf1 Re6 26. Re4 f5 27. Ree1 Kb7 {[%emt 0:01:40] &Nero is much more active.} 28. Red1 (28. Ke2 $17 {was called for.} Rd7 29. Rc2) 28... Nb2 $19 ({Weaker is} 28... Nxe5 29. Re1 Rd5 30. a4 $11) 29. Re1 {[%emt 0:00:30] [#]} Kc6 $1 ({Stronger than} 29... Nc4 30. Rcd1 Rxd1 31. Rxd1 $17) 30. Ke2 $2 (30. Re2 Na4 31. Rec2) 30... Rd7 31. Bg3 Nd3 {[%emt 0:00:54] Weighted Error Value: White=0.27 (precise) /Black=0.14 (very precise)} 0-1

[Event "2nd Bassano Easter 2022"]
[Site "Bassano del Grappa"]
[Date "2022.04.15"]
[Round "1.4"]
[White "Heberla, Bartlomiej"]
[Black "Nisavic, Uros"]
[Result "1-0"]
[ECO "E04"]
[WhiteElo "2570"]
[BlackElo "2110"]
[Annotator "TA"]
[PlyCount "59"]
[EventDate "2022.04.14"]
[EventType "swiss"]
[EventCountry "ITA"]
[SourceTitle "playchess.com"]
[Source "ChessBase"]
[SourceQuality "1"]
[TimeControl "30/3600+30:1800+30"]

1. d4 d5 2. c4 e6 3. Nf3 Nf6 4. g3 dxc4 5. Bg2 c5 6. O-O Nc6 7. dxc5 Qxd1 {[%emt 0:00:30] E04: Open Catalan: 5 Nf3.} 8. Rxd1 Bxc5 9. Nfd2 Ne5 {The position is equal.} 10. Na3 c3 ({Black should play} 10... Bxa3 $11 11. bxa3 c3) 11. bxc3 $14 {[%emt 0:00:00] [#]} O-O $146 ({Predecessor:} 11... a6 12. Nb3 Bb6 13. Rb1 Nfd7 14. Nd4 Rb8 15. f4 Ng4 16. Nc4 Bc5 17. h3 Ngf6 {½-½ (77) Khotenashvili,B (2453)-Terzi,A (2321) Minsk 2019}) 12. Nb3 Bb6 (12... Be7 $14) 13. c4 $16 Ned7 14. Nb5 {[%emt 0:00:00] &Bianco is more active.} Nc5 (14... a6 $16 {was necessary.}) 15. Ba3 $18 Nfd7 16. Rab1 Rb8 17. Nd6 Nxb3 18. Rxb3 Nc5 19. Rb5 Na4 20. Ne4 {[%emt 0:00:00] Against Nc3} Rd8 21. Rxd8+ Bxd8 22. Bd6 Ra8 {[%emt 0:00:45] [#]} 23. c5 $1 f5 24. Rb4 Nb6 (24... fxe4 $142 25. Rxa4 Bd7 26. Rxe4 Rc8) 25. Nc3 ({Weaker is} 25. cxb6 fxe4 26. Bc7 (26. Rxe4 axb6 27. Rc4 Bd7 $16) 26... Be7 $18) 25... Bf6 26. cxb6 Bxc3 27. Ra4 (27. Rc4 $142 Ba5 28. bxa7) 27... a6 28. Rc4 Bf6 29. Rc7 Bd8 30. Rxb7 {[%emt 0:00:00] Black did not feel at home in the position after the opening.  Weighted Error Value: White=0.21 (precise) /Black=0.40} 1-0

[Event "2nd Bassano Easter 2022"]
[Site "Bassano del Grappa"]
[Date "2022.04.15"]
[Round "1.5"]
[White "Walter, Thomas"]
[Black "Petrov, Martin"]
[Result "1/2-1/2"]
[ECO "B94"]
[WhiteElo "2127"]
[BlackElo "2542"]
[Annotator "TA"]
[PlyCount "84"]
[EventDate "2022.04.14"]
[EventType "swiss"]
[EventCountry "ITA"]
[SourceTitle "playchess.com"]
[Source "ChessBase"]
[SourceQuality "1"]
[TimeControl "30/3600+30:1800+30"]

1. e4 c5 2. Nf3 d6 3. d4 cxd4 4. Nxd4 Nf6 5. Nc3 a6 6. Bg5 Nbd7 7. f4 Qc7 8. Qf3 {[%emt 0:00:30] B94: Sicilian Najdorf: 6 Bg5 Nbd7.} b5 {[%emt 0:00:30] is the new trend.} 9. O-O-O Bb7 10. Bd3 {[%emt 0:00:30] White is slightly better.} (10. Bxf6 $5 Nxf6 11. g3 $11) 10... Qb6 11. Bxf6 gxf6 {[%emt 0:00:30] [#]} (11... Nxf6 $11 12. Nd5 Nxd5 13. exd5 g6) 12. Nf5 $146 {[%emt 0:00:30] &Bianco is more active.} (12. Be2 $16) ({Predecessor:} 12. Be2 h5 13. Nd5 Qa5 14. Kb1 e6 15. Nc3 Qd8 16. Nb3 f5 17. Bd3 Qf6 18. Rhe1 {1-0 (28) Elishev,I (2214)-Juptner,J (2283) Bol 2010}) 12... e6 $15 {[%emt 0:00:30] Inhibits Nd5.} 13. Rhe1 O-O-O ({Don't play} 13... exf5 14. exf5+ Ne5 15. Nd5 Bxd5 16. Qxd5 $11) 14. Ne3 h5 $1 15. f5 Bh6 {[%emt 0:00:30] [#] ...Ne5 is the strong threat.} 16. Kb1 Ne5 17. Qh3 Bxe3 ({Black should play} 17... Kb8 $15 18. Nf1 Bg5) 18. Rxe3 $11 Ng4 19. Re2 Kb8 (19... Nf2 $11 20. Rxf2 Qxf2) 20. Qh4 $14 exf5 21. Nd5 Bxd5 {[%emt 0:00:30] The position is equal.} 22. exd5 Rde8 23. h3 Rxe2 24. Bxe2 Qf2 25. Qxf2 Nxf2 $11 {[%emt 0:00:30][%mdl 4096] Endgame KRB-KRN} 26. Rf1 Ne4 {[%emt 0:00:30] [#] And now ...Nd2+ would win.} 27. Rf4 Ng3 28. Bd3 Re8 29. a4 Re5 30. Rf3 Ne4 {[%emt 0:00:30] White must now prevent ...Nd2+.} 31. Rf4 Rxd5 32. axb5 axb5 33. Rh4 Ng3 34. Rb4 Kc7 35. Rxb5 Re5 36. Bc4 Kc6 37. Rb3 Ne4 {[%emt 0:00:30] Strongly threatening ...Nd2+.} 38. Kc1 {[%emt 0:00:30] Prevents Nd2.} d5 39. Bb5+ Kd6 40. Ra3 Kc5 41. Be2 h4 42. c3 Nd6 {[%emt 0:00:30] Weighted Error Value: White=0.14 (very precise) /Black=0.15 (very precise)} 1/2-1/2

[Event "2nd Bassano Easter 2022"]
[Site "Bassano del Grappa"]
[Date "2022.04.15"]
[Round "1.6"]
[White "Bosiocic, Marin"]
[Black "Hercegovac, Neven"]
[Result "1-0"]
[ECO "A57"]
[WhiteElo "2522"]
[BlackElo "2062"]
[Annotator "TA"]
[PlyCount "65"]
[EventDate "2022.04.14"]
[EventType "swiss"]
[EventCountry "ITA"]
[SourceTitle "playchess.com"]
[Source "ChessBase"]
[SourceQuality "1"]
[TimeControl "30/3600+30:1800+30"]

1. d4 Nf6 2. c4 c5 3. d5 b5 4. cxb5 a6 5. e3 axb5 6. Bxb5 Qa5+ 7. Nc3 Bb7 8. Bd2 Qb6 9. Nf3 {[%emt 0:01:06] Threatens to win with Qb3.} Nxd5 {[%emt 0:00:45] A57: Benko/Volga Gambit.} 10. Nxd5 Bxd5 11. a4 e6 {[%emt 0:00:38] The position is equal.} 12. Bc3 Be7 13. Bxg7 Rg8 14. Be5 {[%emt 0:00:17] [#]} Rxg2 $146 ({Predecessor:} 14... Nc6 15. Bg3 Qa5+ 16. Ke2 Rg4 17. Ne1 Rb4 18. Nd3 Rb3 19. Re1 Na7 20. e4 Nxb5 21. exd5 {0-1 (55) Van der Werf,M (2310)-Nicholson,J (2285) Lugano 1989}) 15. Bg3 $1 {[%emt 0:00:23] aiming for Kf1.} Qb7 $1 16. Be2 Bb3 $36 {[%emt 0:00:30][%mdl 2048] Black is pushing.} (16... Qxb2 17. Rb1 Qc3+ 18. Kf1 Rxg3 19. hxg3 $16) 17. Qd3 {[%emt 0:04:20] And now Kf1 would win.} Bd5 $1 ({Much less strong is} 17... Rxa4 18. Rxa4 Bxa4 19. Qxh7 (19. Kf1 Rxg3 20. hxg3 h6 $16) 19... Qxb2 20. Kf1 Rxg3 21. hxg3 $18) (17... Bxa4 $2 18. Qxh7 (18. Kf1 Rxg3 19. hxg3 Bb5 $17) 18... d6 19. Kf1 Rxg3 20. hxg3 $18) 18. e4 $2 (18. Qd1 $1 $11) 18... Bxe4 $19 19. Qe3 {[%emt 0:00:38] [#]} Qxb2 $1 20. Rd1 (20. Qxe4 Qxa1+) 20... Rxa4 21. Kf1 {[%emt 0:00:36] [#]} Rxg3 22. hxg3 d5 23. Rh5 Nc6 {[%emt 0:06:19] Against Ne5} 24. Ng5 Bg6 (24... Bf5 $19 {has better winning chances.} 25. Nf3 Bg6) 25. Nxe6 $17 {[%emt 0:02:15][%cal Oh5d5] [#]} fxe6 ({And not} 25... Bxh5 26. Bxh5 Ra1 27. Nc7+ Kd8 28. Nxd5 $11) (25... Re4 $1 $19 26. Nc7+ Kd8 27. Rhxd5+ Kxc7 28. Rd7+ Kb6) 26. Qxe6 $14 {[%emt 0:00:38] The board is on fire.} Nd4 {[%emt 0:10:11][%mdl 8192] [#] Black cannot hold the game after this.} (26... Ra2 $14 27. Qg8+ Bf8 28. Qe6+ Be7 29. Qg8+ Bf8 30. Qe6+ Be7) 27. Qg8+ $1 $18 Kd7 28. Bg4+ Kd6 29. Rxd5+ Kc6 30. Qc8+ Kb5 31. Qb7+ Kc4 32. Qxb2 Kxd5 33. Qb3+ {[%emt 0:00:14] Weighted Error Value: White=0.21 (precise) /Black=0.54} 1-0

[Event "2nd Bassano Easter 2022"]
[Site "Bassano del Grappa"]
[Date "2022.04.15"]
[Round "1.7"]
[White "Okuyaz, Duru"]
[Black "Nesterov, Arseniy"]
[Result "0-1"]
[ECO "C70"]
[WhiteElo "2094"]
[BlackElo "2522"]
[Annotator "TA"]
[PlyCount "68"]
[EventDate "2022.04.14"]
[EventType "swiss"]
[EventCountry "ITA"]
[SourceTitle "playchess.com"]
[Source "ChessBase"]
[SourceQuality "1"]
[TimeControl "30/3600+30:1800+30"]

1. e4 e5 2. Nf3 Nc6 3. Bb5 a6 4. Ba4 b5 5. Bb3 Na5 6. O-O d6 7. d4 exd4 {[%emt 0:00:05] 7...exd4 is better than 7...Nxb3.} 8. Nxd4 Bb7 9. Nf5 {[%emt 0:00:09] C70: Ruy Lopez: 3...a6 4 Ba4, Norwegian and Delayed Schliemann.} ({Better is} 9. a4 $14) 9... g6 $11 10. Ne3 Bg7 {[%emt 0:01:49] [#]} 11. c4 $146 {[%emt 0:05:06] The position is equal.} ({Predecessor:} 11. Bd2 Nxb3 12. axb3 Bxe4 13. Re1 Ne7 14. Bc3 Be5 15. Ng4 f5 16. Nf6+ Kf7 17. Nxe4 fxe4 18. Rxe4 {0-1 (55) Polgar,J (2680)-Mamedyarov,S (2719) Moscow 2009}) 11... Nf6 12. Re1 O-O 13. f3 c5 (13... Nd7 $17) 14. Nc3 b4 15. Ne2 Nxb3 (15... Nd7 {looks sharper.} 16. Qc2 Qh4 17. Rf1 Nxb3 18. axb3 Rae8) 16. Qxb3 Nd7 17. Rd1 Ne5 18. f4 {[%emt 0:03:43] [#] Black keeps a firm grip on the game.} (18. a3 $15) 18... Nc6 $1 $17 (18... Bxe4 19. fxe5 Bxe5 20. Ng4 $16) 19. e5 {[%emt 0:00:24] [#]} (19. Nd5 $17) 19... Qh4 $1 $19 (19... Na5 20. Qc2 Qh4 21. exd6 $17) 20. exd6 (20. Nd5 {keeps fighting.} dxe5 21. Qf3) 20... Nd4 21. Nxd4 Bxd4 {[%emt 0:00:06] This bishop pair is nice.} (21... cxd4 22. Nd5 $11) 22. Kh1 (22. Qc2 $142) 22... Rfe8 {[%emt 0:01:53][%cal Bf8e8,Be8e7,Be7e2,Be2d2,Bd2f2,Bf2f1,Bf1a1][%mdl 32] Threatens to win with ...Qf2.} 23. d7 Re7 {[%emt 0:00:43] And now ...Qf2 would win.} 24. Bd2 Qf2 ({Don't blunder} 24... Rxd7 $2 25. Nd5 $17) 25. Nd5 Bxd5 ({Weaker is} 25... Rxd7 26. Be3 Bxe3 27. Qxe3 Qxe3 28. Nxe3 $17) (25... Re2 26. Qf3 Qxf3 27. gxf3 $17) 26. cxd5 Re2 ({And not} 26... Rxd7 27. a3 $17) 27. Qh3 (27. Qg3 $142 Rxd2 28. Re1) 27... Rxd2 28. Rf1 Qe2 29. Rfe1 Qb5 30. Re7 Rf2 31. g3 Qd3 32. Re8+ Kg7 {[%emt 0:00:13] ( -> ...Qf3+)} 33. Qg4 Rf1+ 34. Kg2 Rxa1 {[%emt 0:00:07] Weighted Error Value: White=0.97/Black=0.11 (very precise)} 0-1

[Event "2nd Bassano Easter 2022"]
[Site "Bassano del Grappa"]
[Date "2022.04.15"]
[Round "1.9"]
[White "Bouska, Jiri"]
[Black "Nikolov, Momchil"]
[Result "0-1"]
[ECO "B50"]
[WhiteElo "2041"]
[BlackElo "2501"]
[Annotator "TA"]
[PlyCount "54"]
[EventDate "2022.04.14"]
[EventType "swiss"]
[EventCountry "ITA"]
[SourceTitle "playchess.com"]
[Source "ChessBase"]
[SourceQuality "1"]
[TimeControl "30/3600+30:1800+30"]

1. e4 c5 2. Nf3 e6 3. b3 d6 4. Bb2 Nf6 5. Nc3 Be7 6. d4 cxd4 7. Nxd4 a6 {[%emt 0:01:26] B50: Sicilian: 2...d6, Miscellaneous.} 8. Qf3 Qc7 {[%emt 0:03:04] [#]} 9. Bd3 $146 ({Predecessor:} 9. O-O-O Nc6 10. Nxc6 Qxc6 11. Bd3 O-O 12. Rhe1 b5 13. a3 Bb7 14. Qh3 Qc5 15. f4 {½-½ (32) Postupa,P (2244)-Hora,M (2156) Czech Republic 2018}) 9... Nbd7 {[%emt 0:02:47] The position is equal.} 10. O-O-O b5 11. Qg3 b4 (11... Qc5 $5 12. Nce2 (12. Qxg7 $2 Rg8 $19) 12... g6 $11) 12. Nce2 (12. Qxg7 $2 Rg8 13. Ncb5 axb5 $19) 12... O-O 13. f4 ({Better is} 13. Kb1) 13... Bb7 {[%emt 0:04:59] White must now prevent ...Nc5.} 14. e5 dxe5 15. fxe5 Ne4 $36 {[%emt 0:01:37][%mdl 2048] Black is really pushing.} 16. Bxe4 Bxe4 17. Qg4 Bg6 {[%emt 0:02:20] A strong pair of Bishops.} ({But not} 17... Qxe5 {[#]} 18. Nxe6 $1 Bf5 19. Bxe5 $14) 18. Nf4 Nxe5 19. Qg3 Rac8 20. Nxg6 Nxg6 ({Weaker is} 20... fxg6 21. Rd2 Rf6 22. Rhd1 $11) 21. Qd3 $2 {[%emt 0:02:48] [#]} (21. Qxc7 $17 Rxc7 22. Kb1) 21... Rfd8 22. Qe2 Bf6 23. g3 Rd5 ({Not} 23... Qc5 $2 24. Nf3 $19) 24. Kb1 Rcd8 25. Nf3 Bxb2 26. Kxb2 (26. Rxd5 {was necessary.} Rxd5 27. Kxb2) 26... Ne7 $19 27. Ne5 $2 (27. Rd3) 27... Rxd1 {[%emt 0:00:43] White got outplayed after the opening.  Weighted Error Value: White=0.54/Black=0.27 (precise)} 0-1

[Event "2nd Bassano Easter 2022"]
[Site "Bassano del Grappa"]
[Date "2022.04.15"]
[Round "1.10"]
[White "Abel, Dennes"]
[Black "Chennaoui, Yasin"]
[Result "1-0"]
[ECO "A54"]
[WhiteElo "2442"]
[BlackElo "2014"]
[Annotator "RC"]
[PlyCount "141"]
[EventDate "2022.04.14"]
[EventType "swiss"]
[EventCountry "ITA"]
[SourceTitle "playchess.com"]
[Source "ChessBase"]
[SourceQuality "1"]
[TimeControl "30/3600+30:1800+30"]

1. d4 d6 2. Nf3 Nf6 3. c4 Nbd7 4. Nc3 e5 5. Bg5 Be7 6. e3 O-O 7. Qc2 c6 8. Rd1 Qa5 9. Bh4 Re8 10. Be2 Nf8 11. h3 Ng6 12. Bg3 Bd7 13. O-O Rad8 14. a3 Qc7 15. c5 Be6 16. cxd6 Bxd6 17. dxe5 Nxe5 18. Rxd6 Qxd6 19. Bxe5 Qe7 20. Bg3 Nd5 21. Nd4 Nxc3 22. Qxc3 Qf6 23. Rc1 Bc8 24. Bf3 h5 25. Bxh5 Qh6 26. Bf3 a5 27. Bc7 Rd7 28. Bf4 Qf6 29. Bg4 Rd5 30. Bxc8 Rxc8 31. b4 axb4 32. axb4 b6 33. Qc4 Rcd8 34. Nxc6 Rd1+ 35. Kh2 b5 36. Qc3 Qxc3 37. Rxc3 R8d2 38. Bg3 Rb2 39. Rc5 Rf1 40. h4 g6 41. Rxb5 Rbb1 42. Rb8+ Kg7 43. Be5+ f6 44. Rb7+ Kf8 45. Bxf6 Rxf2 46. Ne5 Rxf6 47. Nd7+ Ke7 48. Nxf6+ Kxf6 49. Kg3 Re1 50. Kf2 Rh1 51. b5 Rxh4 52. b6 Rb4 53. Rb8 Kf5 54. Kf3 Rb2 55. b7 Kg5 56. e4 Rb3+ 57. Kf2 Kg4 58. e5 g5 59. e6 Rb2+ 60. Ke3 Rb6 61. Kd4 Rxe6 62. Rd8 Rb6 63. b8=Q Rxb8 64. Rxb8 Kg3 65. Ke3 g4 66. Rg8 Kh2 67. Rxg4 Kg1 68. Kf3 Kh1 69. Kg3 Kg1 70. Rf4 Kh1 71. Rf1# 1-0

[Event "2nd Bassano Easter 2022"]
[Site "Bassano del Grappa"]
[Date "2022.04.15"]
[Round "2.1"]
[White "Bernadskiy, Vitaliy"]
[Black "Nandhidhaa, P V"]
[Result "1-0"]
[ECO "A20"]
[WhiteElo "2601"]
[BlackElo "2380"]
[Annotator "TA"]
[PlyCount "49"]
[EventDate "2022.04.14"]
[EventType "swiss"]
[EventCountry "ITA"]
[SourceTitle "playchess.com"]
[Source "ChessBase"]
[SourceQuality "1"]
[TimeControl "30/3600+30:1800+30"]

1. c4 e5 2. g3 Nf6 3. Bg2 d5 4. cxd5 Nxd5 5. Nf3 Nc6 6. O-O Nb6 7. b3 {[%emt 0:01:13] A20: English Opening: 1...e5.} Be6 {[%emt 0:00:40] is more profitable than 7...Be7 at the moment.} 8. Bb2 f6 $1 9. Qc1 {[%emt 0:06:36] The position is equal.} Qd7 10. Rd1 O-O-O 11. Nc3 Kb8 12. d4 $1 Nxd4 13. Nxd4 exd4 14. Ne4 Qb5 15. Bxd4 Be7 (15... Qxe2 $2 16. Rd2 Qb5 17. Bxb6 $18) 16. Nc3 {[%emt 0:03:35] [#]} Qh5 $146 {[%emt 0:04:32] [#]} (16... Qf5 $16) ({Predecessor:} 16... Qf5 17. a4 a6 18. a5 Nd5 19. Na4 Nb4 20. Ba7+ Kxa7 21. Qxc7 Nd5 22. Bxd5 Rxd5 23. Qxe7 {½-½ (34) Iturrizaga Bonelli,E (2607)-Le,Q (2709) chess24.com INT 2021}) 17. Qe3 (17. a4 $1 $18) 17... Qf5 $16 {[%emt 0:02:40] Prevents Nb5.} 18. Be4 $40 {[%emt 0:01:18][%mdl 128] White attacks with force.} Qh3 {[%emt 0:00:51][%mdl 8192] This costs Black the game.} (18... Qa5 $16 {is a better defense.}) 19. Nb5 $18 Rhe8 {[%emt 0:06:19] [#]} (19... Rxd4 $142 20. Nxd4 (20. Qxd4 Qh5 $16) 20... Bd5 21. Bxd5 Nxd5) 20. Nxc7 $1 Kxc7 (20... Qh6 21. Qxh6) 21. Qf4+ Rd6 22. Bxb6+ axb6 23. Rac1+ {[%emt 0:00:37][%mdl 64] Deflection} ({Don't go for} 23. Bg2 $2 Qf5 24. Rac1+ Kb8 $19) 23... Kd7 24. Bxb7 {[%emt 0:03:35] White wants to mate with Bc6+.} Bf7 25. Bc6+ {[%emt 0:00:24] Weighted Error Value: White=0.05 (flawless) /Black=0.80} 1-0